 Dungeon Crawl Stone Soup version 0.19-a0-1498-g0b85ae9 (webtiles) character file.

50 epen the Ducker (level 3, -1/29 HPs)
             Began as a Merfolk Monk on Sept 10, 2016.
             Was a Believer of Cheibriados.
             Slain by an ice beast (2 damage)
             ... on level 3 of the Dungeon.
             The game lasted 00:02:06 (1453 turns).

epen the Ducker (Merfolk Monk)                      Turns: 1453, Time: 00:02:07

Health: -1/29      AC:  5    Str: 14 (15) XL:     3   Next: 79%
Magic:  12/12      EV: 13    Int: 16 (18) God:    Cheibriados [**....]
Gold:   186        SH:  0    Dex: 20 (21) Spells: 0 memorised, 2 levels left

rFire  . . .     SeeInvis .       - Unarmed
rCold  . . .     Gourm    .     k - +0 ring mail
rNeg   . . .     Faith    .     (no shield)
rPois  .         Spirit   .     (no helmet)
rElec  .         Dismiss  .     (no cloak)
rCorr  .         Reflect  .     (no gloves)
MR     .....     Harm     .     (no boots)
Stlth  ++........               (no amulet)
                                (no ring)
                                l - ring of magical power

@: brilliant, very slow
A: change form in water, swift swim, stealthy swim
a: Bend Time, Renounce Religion


You were on level 3 of the Dungeon.
You worshipped Cheibriados.
Cheibriados was pleased with you.
You were hungry.

You visited 1 branch of the dungeon, and saw 3 of its levels.

You collected 186 gold pieces.

Inventory:

Armour
 a - a +0 robe
 k - a +0 ring mail (worn)
Jewellery
 l - a ring of magical power (left hand)
 r - an uncursed amulet of regeneration {unknown}
Scrolls
 c - 8 scrolls of identify {unknown}
 e - a scroll of enchant armour {unknown}
 g - a scroll of magic mapping {unknown}
 h - 3 scrolls of remove curse {unknown}
 i - 2 scrolls of teleportation {unknown}
 n - a scroll of immolation {unknown}
 q - a scroll of noise {unknown}
 t - a scroll of recharging {unknown}
Potions
 j - a potion of curing {unknown}
 m - a potion of cure mutation {unknown}
 p - a potion of agility {unknown}
Books
 s - a book of Transfigurations

   Spells                             Type                      Level
   a - Irradiate                      Conjuration/Transmutation    5
   b - Statue Form                    Transmutation/Earth          6
   c - Hydra Form                     Transmutation                6
   d - Dragon Form                    Transmutation                7
Comestibles
 b - a bread ration


   Skills:
 + Level 3.4 Fighting
 + Level 4.7 Dodging
 - Level 2.1 Stealth
 * Level 4.4 Unarmed Combat
 * Level 0.2 Invocations


You had 2 spell levels left.
You didn't know any spells.

Dungeon Overview and Level Annotations

Branches:
Dungeon (3/15)

Altars:
Cheibriados
Gozag
Kikubaaqudgha
Yredelemnul


Message History

The ice beast is moderately wounded.
The ice beast hits you. The ice beast freezes you!
You hit the ice beast.
The ice beast is moderately wounded.
The ice beast hits you. The ice beast freezes you!
* * * LOW HITPOINT WARNING * * *
You are too injured to fight recklessly!
You are too injured to fight recklessly!
It was a potion of degeneration.
There was something very wrong with that liquid.
You feel weakened.
You feel dopey.
You feel clumsy.
The ice beast hits you but does no damage.
Drop what? 18/52 slots (_ for help) (? for menu, Esc to quit)
Okay, then.
Okay, then.
Okay, then.
It was a potion of brilliance.
You feel clever all of a sudden. The ice beast hits you.
You die...

. .. .. <.# #. #.# ##.
##### #.# ..#...##...#
#.# ### .....gY@...#
#.# #.. ..#.$.##...#
#.# #.# ##[####.####
#.# #.# ...........##
#.####.#
########.#...###.......
#..#.#.####.####
#..#........#
#....)......#
###...#####.#


You could see an ice beast and a hobgoblin.

Vanquished Creatures
  2 dart slugs (D:1)
  5 giant geckos
  An orc (D:3)
  A ball python (D:2)
  3 giant cockroaches (D:1)
  6 hobgoblins
  2 quokkas
  6 bats
  A giant newt (D:2)
  3 goblins
  4 kobolds
  3 rats (D:1)
37 creatures vanquished.

Notes
Turn   | Place    | Note
-------+----------+-------------------------------------------
     0 | D:1      | epen the Merfolk Monk began the quest for the Orb.
     0 | D:1      | Reached XP level 1. HP: 18/18 MP: 1/1
   168 | D:1      | Reached XP level 2. HP: 16/24 MP: 2/2
   479 | D:1      | Reached XP level 3. HP: 29/29 MP: 3/3
   979 | D:2      | Found an opulent altar of Gozag.
  1290 | D:3      | Found a snail-covered altar of Cheibriados.
  1316 | D:3      | Became a worshipper of Cheibriados the Contemplative
  1316 | D:3      | Reached * piety under Cheibriados
  1316 | D:3      | Reached ** piety under Cheibriados
  1366 | D:3      | Found a basalt altar of Yredelemnul.
  1371 | D:3      | Found an ancient bone altar of Kikubaaqudgha.
  1438 | D:3      | Noticed an ice beast
  1451 | D:3      | HP: 1/29 [ice beast (8)]
  1453 | D:3      | Slain by an ice beast

Vault maps used:
D:1:      kennysheep_arrival_forest, roderic_serpentine_path
D:2:      lemuel_round_altar
D:3:      lemuel_doored_altar, lemuel_round_altar, minitemple,
          dk_noncrumbling_3, grunt_ministairs_12, columned_hall_lemuel

Skill      XL: |  1  2  3 |
---------------+----------+-----
Unarmed Combat | 4 |  4.4
Fighting       | |  3.4
Dodging        | |  4.7
Stealth        | |  2.1
Invocations    | |  0.2

Action                   || total
-------------------------++-------
Melee: Unarmed           ||   135
  Use: Potion            ||     2
 Stab: Sleeping          ||     5
  Eat: Chunk             ||     1
Armor: Robe              ||     2
       Ring mail         ||    29
Dodge: Dodged            ||   101
